 Dungeon Crawl Stone Soup version 0.26-a0-712-ga5a9c9c9d0 (webtiles) character file.

Game seed: 15834831423233880583

791 kae the Insei (level 7, 0/41 HPs)
             Began as an Octopode Transmuter on Nov 6, 2020.
             Was a Follower of Hepliaklqana.
             Succumbed to a scorpion's poison
             ... on level 6 of the Dungeon.
             The game lasted 00:04:05 (7261 turns).

kae the Insei (Octopode Transmuter)                 Turns: 7261, Time: 00:04:06

Health: 0/41       AC:  2    Str: 11    XL:     7   Next: 88%
Magic:  9/11       EV: 21    Int: 16    God:    Hepliaklqana [*.....]
Gold:   335        SH:  0    Dex: 17    Spells: 8/12 levels left

rFire    . . .     SeeInvis .     - Unarmed
rCold    . . .     Faith    .   (shield currently unavailable)
rNeg     . . .     Spirit   .   (helmet currently unavailable)
rPois    x         Reflect  .   (no amulet)
rElec    .         Harm     .   j - ring of resist corrosion
rCorr    +         Rampage  .   (no ring)
MR       .....                  h - ring of wizardry
Stlth    ++........             (no ring)
HPRegen  0.13/turn              (no ring)
MPRegen  0.12/turn              (no ring)
                                (no ring)
                                (no ring)

@: brilliant, lethally poisoned (0 -> -23), spider-form
A: tiny, almost no armour, stealthy swim, (amphibious), 8 rings, (constrict 8),
reduced essence
a: End Transformation, Recall Ancestor, Ancestor Identity, Renounce Religion


You were on level 6 of the Dungeon.
You worshipped Hepliaklqana.
Hepliaklqana was aware of your devotion.
You were a venomous arachnid creature.
You visited 1 branch of the dungeon, and saw 6 of its levels.

You collected 335 gold pieces.

Inventory:

Jewellery
 h - a ring of wizardry (on tentacle)
 j - a ring of resist corrosion (left front leg)
Wands
 q - a wand of polymorph (10)
Scrolls
 a - 2 scrolls of fog
 b - 2 scrolls of teleportation
 c - a scroll of enchant armour
 d - 2 scrolls of remove curse
 e - a scroll of identify
 f - a scroll of blinking {unknown}
 i - 3 scrolls of amnesia
 k - a scroll of noise {unknown}
Potions
 g - 3 potions of brilliance
 l - 2 potions of lignification {unknown}
 m - 2 potions of might {unknown}
 o - 3 potions of curing {unknown}


   Skills:
 + Level 3.0 Fighting
 + Level 3.6 Dodging
 * Level 5.4 Unarmed Combat
 - Level 3.0 Spellcasting
 * Level 4.7 Transmutations
 + Level 2.9 Poison Magic


You had 8 spell levels left.
You knew the following spells:

 Your Spells              Type           Power        Failure   Level
a - Beastly Appendage     Tmut           ####..       4%          1
b - Spider Form           Tmut/Pois      ###.......   12%         3

Your spell library contained the following spells:

 Spells                   Type           Power        Failure   Level
 Wereblood                Tmut           ####....     5%          2
 Ice Form                 Ice/Tmut       ###.....     43%         4
 Blade Hands              Tmut           ####......   45%         5


Dungeon Overview and Level Annotations

Branches:
Dungeon (6/15)
 Temple: D:4-7

Altars:
Dithmenos
Elyvilon
Fedhas
Gozag
Hepliaklqana
Kikubaaqudgha
Makhleb
Trog
Uskayaw
Wu Jian
Zin


Innate Abilities, Weirdness & Mutations

You cannot wear most types of armour.
You are very stealthy in the water. (Stealth+)
((You are amphibious.))
You can wear up to eight rings at the same time.
((You can use your tentacles to constrict eight enemies at once.))
((Your skin changes colour to match your surroundings (Stealth+).))
((Your rubbery body absorbs attacks. (AC +1, EV +1)))
Your life essence is reduced to manifest your ancestor. (-10% HP)


Message History

* * * LOW HITPOINT WARNING * * *
* * * LOW HITPOINT WARNING * * *
You feel very sick.
The jackal closely misses Appia.
The jackal closely misses you.
Appia closely misses the jackal.
The jackal bites Appia but does no damage.
You see here a scorpion corpse.
* * * LOW HITPOINT WARNING * * *
You feel sick. The jackal misses you.
Appia hits the jackal.
The jackal misses you.
There is a stone staircase leading up here.
It was a potion of brilliance.
You feel clever all of a sudden.
* * * LOW HITPOINT WARNING * * *
You feel sick. The jackal misses you.
Appia barely misses the jackal.
The jackal misses you.
The orc hits Appia with a +0 short sword.
* * * LOW HITPOINT WARNING * * *
You feel sick. The jackal completely misses you.
Appia misses the jackal.
You die...

#.....##......
.#.............
.....#.........
#.............
#Ro#.. #†h#.#
.#####hh#.# #..
.........#.#.....
..###....s.......
######.#.###. .#
.. ..# #.# .. ..


You could see the friendly Appia the ancestor, an orc and 3 jackals.

Vanquished Creatures
  An orc warrior (D:5)
  A sky beast (D:5)
  A centaur (D:5)
  Blork the orc (D:5)
  An orc priest (D:3)
  An iguana (D:5)
  Natasha (thrice) (D:3)
  A worker ant (D:4)
  4 adders
  5 gnolls
  An ooze (D:2)
  2 dart slugs
  5 leopard geckos
  12 orcs
  9 bats
  7 giant cockroaches
  6 goblins
  8 hobgoblins
  5 jackals
  11 kobolds
  3 quokkas
  2 ball pythons (D:2)
  5 frilled lizards
  4 rats
99 creatures vanquished.

Vanquished Creatures (collateral kills)
  A scorpion (D:6)
  A bullfrog skeleton (D:5)
  A gnoll (D:4)
  An adder (D:5)
  An ufetubus (D:5)
  An orc (D:5)
  A giant cockroach (D:4)
7 creatures vanquished.

Vanquished Creatures (others)
  An ancestor (D:6)
  7 withered plants (D:4)
8 creatures vanquished.

Grand Total: 114 creatures vanquished

Notes
Turn   | Place    | Note
-------+----------+-------------------------------------------
     0 | D:1      | kae the Octopode Transmuter began the quest for the Orb.
     0 | D:1      | Reached XP level 1. HP: 13/13 MP: 3/3
   352 | D:1      | You fall into a shaft and drop 1 floor!
   360 | D:2      | Reached XP level 2. HP: 12/18 MP: 3/5
   708 | D:2      | Reached XP level 3. HP: 21/23 MP: 4/6
  2500 | D:3      | Learned a level 3 spell: Spider Form
  2505 | D:3      | Reached XP level 4. HP: 28/28 MP: 5/7
  2541 | D:3      | Found a white marble altar of Elyvilon.
  2800 | D:3      | Noticed Natasha
  2813 | D:3      | Killed Natasha
  3317 | D:3      | Reached XP level 5. HP: 33/33 MP: 6/8
  3377 | D:3      | Reached skill level 4 in Unarmed Combat
  3377 | D:3      | Reached skill level 1 in Poison Magic
  3585 | D:3      | Noticed Natasha
  3592 | D:3      | Killed Natasha
  3731 | D:3      | Noticed Natasha
  3740 | D:3      | Killed Natasha
  3911 | D:3      | Found a hazy altar of Hepliaklqana.
  4242 | D:3      | Became a worshipper of Hepliaklqana the Forgotten
  4284 | D:4      | Reached XP level 6. HP: 22/35 MP: 5/10
  4548 | D:4      | Found a shadowy altar of Dithmenos.
  5178 | D:4      | Found a burning altar of Makhleb.
  5213 | D:4      | Found a bloodstained altar of Trog.
  5235 | D:4      | Found an ancient bone altar of Kikubaaqudgha.
  5274 | D:4      | Found an ornate altar of the Wu Jian Council.
  5324 | D:4      | Found a blossoming altar of Fedhas.
  5608 | D:4      | Found a glowing silver altar of Zin.
  5675 | D:5      | Entered Level 5 of the Dungeon
  5809 | D:5      | Noticed a sky beast
  5821 | D:5      | Noticed Blork the orc
  5835 | D:5      | Killed Blork the orc
  5919 | D:5      | Killed a sky beast
  5919 | D:5      | Reached XP level 7. HP: 21/40 MP: 7/11
  6383 | D:5      | Found an opulent altar of Gozag.
  6400 | D:5      | Reached skill level 5 in Unarmed Combat
  6572 | D:5      | Reached * piety under Hepliaklqana
  6874 | D:5      | Found a hide-covered altar of Uskayaw.
  7260 | D:6      | HP: 1/41 [poisoned by a scorpion]
  7261 | D:6      | Succumbed to a scorpion's poison

Illustrated notes

Levels and vault maps discovered:
D:1:      saegor_arrival_simple_a, layout_basic
D:2:      minmay_evil_eye, layout_loops_corners, kennysheep_generic_room_6
D:3:      cheibrodos_pilgrimage, layout_basic, lemuel_doored_altar,
          nicolae_overflow_crystal_walls, uniq_natasha
D:4:      layout_rooms, zin_scriptorium, old_standard_altar, bloody_trog,
          lemuel_crystal_altar, overflow_temple_1_default,
          kiku_gazebo_garden_becter, overflow_temple_1_default
D:5:      layout_basic, nicolae_gozag_cash_rules_everything_around_me,
          lemuel_crystal_altar, uniq_blork_the_orc
D:6:      layout_rooms, minitemple, basic_altar

Skill      XL: |  1  2  3  4  5  6  7 |
---------------+----------------------+-----
Transmutations | 3 4 |  4.7
Unarmed Combat | 4 5 |  5.4
Poison Magic   | 1 2 |  2.9
Fighting       | 2 3 |  3.0
Dodging        | 3 |  3.6
Spellcasting   | 3 |  3.0

Action                   |  1- 3 |  4- 6 |  7- 9 || total
-------------------------+-------+-------+-------++-------
Melee: Unarmed           |    82 |   139 |    39 ||   260
       Constrict         |    20 |    32 |     2 ||    54
       Kick              |    10 |    13 |       ||    23
       Tentacles         |    14 |    13 |     1 ||    28
       Punch             |     1 |     3 |       ||     4
 Cast: Beastly Appendage |    23 |    13 |       ||    36
       Spider Form       |       |     7 |    10 ||    17
Invok: Ancestor Identity |       |     1 |       ||     1
  Use: Scroll            |       |     9 |       ||     9
       Potion            |       |       |     1 ||     1
 Stab: Sleeping          |     2 |     9 |     1 ||    12
       Distracted        |     1 |     1 |       ||     2
Armor: Skin              |     6 |     4 |     2 ||    12
Dodge: Dodged            |    55 |    99 |    69 ||   223

Table legend: (Time is in decaauts)
 A = Elapsed time spent in this place.
 B = Non-inter-level travel time spent in this place.
 C = Inter-level travel time spent in this place.
 D = Time resting spent in this place.
 E = Time spent auto-exploring this place.
 F = Levels seen in this place.
 G = Mean time per level.
                   A        B        C        D        E       F      G
               +--------+--------+--------+--------+--------+-----+--------+
         Total |   7245 |   7027 |    218 |   1673 |   4539 |   6 | 1207.5 |
       Dungeon |   7245 |   7027 |    218 |   1673 |   4539 |   6 | 1207.5 |
               +--------+--------+--------+--------+--------+-----+--------+

Top non-repeatable levels by time:
     D:3: 2429 daAuts
     D:2: 1581 daAuts
     D:5: 1448 daAuts
     D:1: 909 daAuts
     D:4: 851 daAuts
     D:6: 25 daAuts
